 Dungeon Crawl Stone Soup version 0.25-a0-731-g0472a16d6a (webtiles) character file.

Game seed: 10441225647212887033, levelgen mode: deterministic

366 Esekla the Magician (level 6, -14/32 HPs)
             Began as a Vine Stalker Skald on Apr 8, 2020.
             Demolished by an ogre
             ... wielding a +0 giant spiked club
              (15 damage)
             ... on level 4 of the Dungeon.
             The game lasted 00:26:27 (3782 turns).

Esekla the Magician (Vine Stalker Skald)            Turns: 3782, Time: 00:26:27

Health: -14/32     AC: 11    Str: 14    XL:     6   Next: 68%
Magic:  0/12       EV: 12    Int: 15    God:
Gold:   115        SH:  0    Dex: 13    Spells: 5/12 levels left

rFire    . . .     SeeInvis .   a - +0 falchion
rCold    . . .     Gourm    .   (no shield)
rNeg     + . .     Faith    .   b - +0 leather armour
rPois    .         Spirit   +   q - +1 helmet
rElec    .         Reflect  .   (no cloak)
rCorr    .         Harm     .   (no gloves)
MR       .....                  (no boots)
Stlth    +.........             (no amulet)
HPRegen  0.50/turn              i - ring of positive energy
MPRegen  0.13/turn              (no ring)

@: icy armour
A: fangs 2, regeneration 1, magic shield, antimagic bite, no potion heal 3, rot
immunity
a: no special abilities


You were on level 4 of the Dungeon.
You were very hungry.

You visited 1 branch of the dungeon, and saw 4 of its levels.

You collected 115 gold pieces.

Inventory:

Hand Weapons
 a - a +0 falchion (weapon)
 p - a +0 dagger of venom
 w - a +0 trident
Missiles
 l - a throwing net (quivered)
Armour
 b - a +0 leather armour (worn)
 q - a +1 helmet (worn)
Jewellery
 i - a ring of positive energy (left hand)
Wands
 t - a wand of flame (15)
Scrolls
 e - 5 scrolls of remove curse
 f - 2 scrolls of amnesia
 j - a scroll of teleportation {unknown}
 n - a scroll of enchant weapon {unknown}
 s - a scroll of magic mapping {unknown}
Potions
 c - 3 potions of curing
 g - a potion of stabbing {unknown}
 h - 3 potions of flight
 k - a potion of ambrosia
 m - a potion of mutation {unknown}
 o - a potion of brilliance {unknown}
 r - a potion of invisibility
 v - a potion of resistance {unknown}
Comestibles
 d - 4 rations
 u - 2 chunks of flesh


   Skills:
 + Level 2.4 Fighting
 + Level 3.0 Long Blades
 + Level 2.0 Armour
 + Level 2.3 Dodging
 + Level 0.4 Stealth
 * Level 3.9 Spellcasting
 + Level 3.4 Charms
 * Level 1.7 Translocations
 * Level 1.3 Ice Magic


You had 5 spell levels left.
You knew the following spells:

 Your Spells              Type           Power        Failure   Level  Hunger
a - Ozocubu's Armour      Chrm/Ice       ##......     26%         3    ###....
b - Shroud of Golubria    Chrm/Tloc      ##....       12%         2    ##.....
c - Song of Slaying       Chrm           ##......     9%          2    ##.....

Your spell library contained the following spells:

 Spells                   Type           Power        Failure   Level  Hunger
 Infusion                 Chrm           ##..         5%          1    None
 Spectral Weapon          Hex/Chrm       #.......     32%         3    ###....


Dungeon Overview and Level Annotations

Branches:
Dungeon (4/15)
 Temple: D:4-7

Altars:
Hepliaklqana
Nemelex Xobeh
Okawaru
Ru
Wu Jian

Annotations:
D:3 1 runed translucent door, Iflex's ghost, amateur MfGl


Innate Abilities, Weirdness & Mutations

You have extremely sharp teeth.
Your natural rate of healing is unusually fast.
When hurt, damage is shared between your health and your magic reserves.
Your bite disrupts and absorbs the magic of your enemies.
Potions cannot restore your health.
You are immune to rotting.


Message History

You are feeling very hungry.
The ogre closely misses you.
You hit the ogre. You bite the ogre. You drain its power.
You feel invigorated.
The ogre is heavily wounded.
You hit the ogre.
The ogre is heavily wounded.
The ogre hits you with a +0 giant spiked club!!
You hit the ogre.
The ogre is severely wounded.
The ogre hits you but does no damage.
You barely miss the ogre.
The ogre is severely wounded.
The ogre hits you with a +0 giant spiked club!!
Ouch! That really hurt!
* * * LOW HITPOINT WARNING * * *
You hit the ogre but do no damage. You bite the ogre. You drain its power.
You feel invigorated.
The ogre is severely wounded.
The ogre hits you with a +0 giant spiked club!
You die...

#.......#.......#
#.....####..##..#
#.....########..###
#.....#.....#.....#
#....[#.....'.....#
#.....#.....#.....#
#....#########....#
##+#####...###....##..
#....#<.@O÷............
#....'.................
#....#.................
#######################


You could see an ogre.

Vanquished Creatures
  A hungry ghost (D:3)
  An iguana (D:4)
  Robin (D:2)
  2 gnolls (D:2)
  8 adders
  A worm (D:2)
  3 dart slugs (D:1)
  2 leopard geckos (D:2)
  3 orcs (D:3)
  11 ball pythons
  5 bats
  2 giant cockroaches
  7 hobgoblins
  4 jackals (D:2)
  A quokka (D:3)
  6 frilled lizards
  15 goblins
  14 kobolds
  5 rats
92 creatures vanquished.

Notes
Turn   | Place    | Note
-------+----------+-------------------------------------------
     0 | D:1      | Esekla the Vine Stalker Skald began the quest for the Orb.
     0 | D:1      | Reached XP level 1. HP: 11/11 MP: 4/4
   154 | D:1      | Reached XP level 2. HP: 9/15 MP: 4/6
   300 | D:1      | Learned a level 2 spell: Shroud of Golubria
   303 | D:1      | Learned a level 2 spell: Song of Slaying
   414 | D:2      | Noticed Robin
   506 | D:2      | Reached XP level 3. HP: 13/18 MP: 7/7
   608 | D:2      | Reached skill level 1 in Armour
  1142 | D:2      | Gained mutation: Your natural rate of healing is unusually
                  | fast. [Vine Stalker growth]
  1142 | D:2      | Reached XP level 4. HP: 15/23 MP: 5/9
  1358 | D:1      | Learned a level 3 spell: Ozocubu's Armour
  1712 | D:2      | Killed Robin
  1913 | D:2      | Found an iron altar of Okawaru.
  1948 | D:2      | Reached XP level 5. HP: 19/26 MP: 8/10
  2205 | D:3      | Found an ornate altar of the Wu Jian Council.
  2363 | D:3      | Found a hazy altar of Hepliaklqana.
  2835 | D:3      | Reached skill level 1 in Translocations
  3103 | D:3      | Noticed a hungry ghost
  3128 | D:3      | Killed a hungry ghost
  3128 | D:3      | Reached skill level 1 in Ice Magic
  3128 | D:3      | Reached XP level 6. HP: 31/31 MP: 12/12
  3185 | D:3      | Found a runed translucent door.
  3186 | D:3      | Noticed Iflex's ghost (amateur MfGl)
  3427 | D:3      | Found a sparkling altar of Nemelex Xobeh.
  3428 | D:3      | Found a sacrificial altar of Ru.
  3781 | D:4      | HP: 1/32 [ogre/+0 giant spiked club (20)]
  3782 | D:4      | Demolished by an ogre

Levels and vault maps discovered:
D:1:      minmay_arrival_widening_spiral_wide, layout_loops_ring
D:2:      layout_basic, okawaru_altar_gauntlet_db, uniq_robin
D:3:      layout_loops_ring, lemuel_crystal_altar,
          nicolae_overflow_hidden_temple, gammafunk_ghost_grave, serial_rivers,
          chequers_serial_rivers_micro_c, chequers_serial_rivers_micro_d,
          chequers_serial_rivers_micro_b, chequers_serial_rivers_marsh,
          chequers_serial_rivers_micro_e, first_ration,
          hangedman_decor_opposing, palyth_stone_intersect, minivault_5,
          minmay_snake_closets
D:4:      layout_gridville, grunt_gozag_statues, uniq_natasha,
          uniq_crazy_yiuf_cottage

Skill      XL: |  1  2  3  4  5  6 |
---------------+-------------------+-----
Long Blades    | 2 3 |  3.0
Fighting       | 2 |  2.4
Armour         | 1 2 |  2.0
Spellcasting   | 3 |  3.9
Dodging        | 2 |  2.3
Translocations | 1 |  1.7
Ice Magic      | 1 |  1.3
Stealth        | |  0.4
Charms         | |  3.4

Action                   |  1- 3 |  4- 6 || total
-------------------------+-------+-------++-------
Melee: Falchion          |   118 |   175 ||   293
       Bite              |    31 |    45 ||    76
       Rapier            |       |    11 ||    11
       Dagger            |       |     7 ||     7
 Cast: Shroud of Golubri |     2 |     7 ||     9
       Ozocubu's Armour  |       |     4 ||     4
       Infusion          |       |     2 ||     2
       Song of Slaying   |       |     2 ||     2
Evoke: Wand              |       |     3 ||     3
  Use: Scroll            |       |     7 ||     7
 Stab: Sleeping          |       |     2 ||     2
  Eat: Chunk             |       |     9 ||     9
       Ration            |       |     2 ||     2
Armor: Leather armour    |    20 |    61 ||    81
Dodge: Dodged            |    77 |   128 ||   205
       Rpst.: Falchion   |    26 |    30 ||    56

Table legend:
 A = Non-vault XP
 B = Vault XP
 C = Vault XP percentage of total XP
 D = Non-vault monster count
 E = Vault monster count
 F = Vault count percentage of total count
                 A         B        C        D         E       F
            +---------+---------+-------+---------+---------+-------
      Total |     402 |     121 |  23.1 |      62 |      30 |  32.6
            +---------+---------+-------+---------+---------+-------
        D:1 |      37 |       6 |  14.0 |      19 |       3 |  13.6
        D:2 |      72 |      63 |  46.7 |      26 |      14 |  35.0
        D:3 |     255 |      52 |  16.9 |      15 |      13 |  46.4
        D:4 |      38 |       0 |   0.0 |       2 |       0 |   0.0
            +---------+---------+-------+---------+---------+-------
